 Dungeon Crawl Stone Soup version 0.22-a0-362-g535178c (webtiles) character file.

4230 b5mith the Fighter (level 10, 0/139 HPs)
             Began as a Minotaur Berserker on Apr 20, 2018.
             Was a High Priest of Trog.
             Slain by a crocodile (13 damage)
             ... on level 8 of the Dungeon.
             The game lasted 00:17:43 (8016 turns).

b5mith the Fighter (Minotaur Berserker)             Turns: 8016, Time: 00:17:44

Health: 0/139      AC: 15    Str: 37    XL:     10   Next: 9%
Magic:  9/9        EV: 11    Int:  4    God:    Trog [*****.]
Gold:   542        SH:  0    Dex: 10    Spells: 9/9 levels left

rFire    . . .     SeeInvis .   F - +0 scythe (venom)
rCold    . . .     Gourm    .   (shield currently unavailable)
rNeg     + . .     Faith    .   G - +8 scale mail of the Serpent {*Slow rN+ Str+2}
rPois    .         Spirit   .   (helmet restricted)
rElec    .         Reflect  .   (no cloak)
rCorr    .         Harm     .   k - +0 pair of gloves
MR       .....                  (no boots)
Stlth    ..........             (no amulet)
HPRegen  0.33/turn              j - +2 ring of strength
MPRegen  0.11/turn              D - +3 ring of strength

@: berserking, lethally poisoned (0 -> -6), very quick
A: retaliatory headbutt, horns 2
a: Berserk, Trog's Hand, Brothers in Arms, Renounce Religion


You were on level 8 of the Dungeon.
You worshipped Trog.
Trog was extremely pleased with you.
You were near starving.

You visited 1 branch of the dungeon, and saw 9 of its levels.

You collected 542 gold pieces.

Inventory:

Hand Weapons
 a - a +0 falchion
 F - a +0 scythe of venom (weapon)
   (You took it off Sigmund on level 5 of the Dungeon)
Missiles
 l - a throwing net
 r - 10 tomahawks (quivered)
 t - 28 sling bullets
Armour
 b - a +0 animal skin
 k - a +0 pair of gloves (worn)
   (You found it on level 2 of the Dungeon)
 m - a +0 scale mail
   (You found it on level 2 of the Dungeon)
 y - a +2 buckler
   (You found it on level 4 of the Dungeon)
 G - the +8 scale mail of the Serpent (worn) {*Slow rN+ Str+2}
   (You found it on level 5 of the Dungeon)

   It affects your strength (+2).
   It protects you from negative energy.
   It may slow you when you take damage.
Jewellery
 j - a +2 ring of strength (left hand)
   (You found it on level 1 of the Dungeon)
 s - an uncursed ring of ice
   (You took it off an orc on level 3 of the Dungeon)
 v - an uncursed ring of magical power
   (You found it on level 4 of the Dungeon)
 A - a +2 ring of evasion
   (You found it on level 5 of the Dungeon)
 D - a +3 ring of strength (right hand)
   (You found it on level 9 of the Dungeon)
 H - a +4 ring of dexterity
   (You found it on level 6 of the Dungeon)
 I - an uncursed ring of poison resistance
   (You found it on level 6 of the Dungeon)
 J - a +6 amulet of reflection {unknown}
   (You took it off an orc on level 7 of the Dungeon)
 M - a +3 ring of dexterity
   (You found it on level 8 of the Dungeon)
 O - an uncursed ring of stealth
   (You found it on level 8 of the Dungeon)
Wands
 E - a wand of random effects (18)
   (You took it off Sigmund on level 5 of the Dungeon)
 P - a wand of polymorph (20)
   (You found it on level 7 of the Dungeon)
 R - a wand of acid (9)
   (You took it off Pikel on level 7 of the Dungeon)
Scrolls
 g - 13 scrolls of identify {@r1}
 h - 4 scrolls of teleportation
 n - a scroll of immolation {unknown}
 o - 2 scrolls of blinking {unknown}
 p - 7 scrolls of remove curse {unknown}
 u - 2 scrolls of random uselessness {unknown}
 x - a scroll of enchant weapon {unknown}
 C - a scroll of vulnerability {unknown}
 N - a scroll of magic mapping {unknown}
 Q - a scroll of fear {unknown}
Potions
 d - 7 potions of curing {unknown}
 e - 2 potions of degeneration {unknown}
 f - 3 potions of might {unknown}
 i - 3 potions of brilliance {unknown}
 q - a potion of cancellation {unknown}
 w - a potion of heal wounds {unknown}
 z - a potion of ambrosia {unknown}
 B - 4 potions of flight {unknown}
 K - a potion of magic {unknown}
 L - 2 potions of berserk rage {unknown}
 S - a potion of lignification {unknown}
Comestibles
 c - 12 rations


   Skills:
 + Level 10.2 Fighting
 - Level 8.8 Long Blades
 * Level 7.2 Polearms
 - Level 2.4 Armour
 - Level 2.1 Dodging
 * Level 9.8 Shields


You had 9 spell levels left.
You didn't know any spells.

Dungeon Overview and Level Annotations

Branches:
Dungeon (9/15)             Temple (0/1) D:4
   Lair: D:8-11         Orc: D:9-12

Altars:
Elyvilon
Kikubaaqudgha
Makhleb
Ru
Sif Muna
Trog
Yredelemnul
Zin
The Shining One


Innate Abilities, Weirdness & Mutations

You reflexively headbutt those who attack you in melee.
You have a pair of horns on your head.


Message History

The killer bee misses you. The bullfrog barely misses you.
The killer bee stings you but does no damage.
The yak gores you! The yak gores you but does no damage.
The bullfrog closely misses you. The black bear misses you.
You furiously retaliate!
You headbutt the black bear. The black bear closely misses you.
The black bear barely misses you.
A black bear and a worker ant come into view.
You feel sick.
The black bear growls angrily.
The killer bee misses you. The yak gores you but does no damage.
The bullfrog hits you but does no damage.
The yak gores you. The killer bee barely misses you. You furiously retaliate!
You headbutt the killer bee!
You kill the killer bee!
Trog accepts your kill. The crocodile bites you!
* * * LOW HITPOINT WARNING * * *
The black bear bites you.
* * * LOW HITPOINT WARNING * * *
The black bear claws you but does no damage.
The black bear closely misses you.
You climb upwards.
You feel sick.
There is a stone staircase leading down here.
A red film seems to cover your vision as you go berserk!
You feel yourself moving faster!
You feel mighty!
You are near starving!
You feel sick.
The bullfrog hits you but does no damage.
The yak gores you.
* * * LOW HITPOINT WARNING * * *
The yak closely misses you. The bullfrog barely misses you.
The crocodile bites you but does no damage.
You closely miss the bullfrog. Your headbutt misses the bullfrog.
You feel sick. The bullfrog hits you.
* * * LOW HITPOINT WARNING * * *
The yak barely misses you. The yak gores you but does no damage.
The crocodile bites you.
* * * LOW HITPOINT WARNING * * *
You slice the bullfrog like a ripe choko!!!
You kill the bullfrog!
Trog accepts your kill.
You feel sick. The yak barely misses you. The yak gores you.
* * * LOW HITPOINT WARNING * * *
The crocodile bites you!
* * * LOW HITPOINT WARNING * * *
The yak closely misses you. You furiously retaliate!
You headbutt the yak! You barely miss the crocodile.
You feel sick. The yak gores you!
* * * LOW HITPOINT WARNING * * *
The crocodile bites you!
You die...

#.##.##. #.##.##. #.......
###..... #..### #..###
######### ####### #....#
#.......# #tYh..#######.##.#
#.#...#.###@#........##.##..
####.#.......Y†#.#.####.##.....
#..........##....#.# #.#######
#..........###.###.# #.#
#.......#.## #.###.# #.#
#.......#.# #.....####.####
#..(....#.#########........#
#.......#.#......##..##.#..##
#.........#......##..##.....###


You could see 2 yaks, a crocodile and a black bear.

Vanquished Creatures
  A two-headed ogre (D:4)
  Pikel (D:7)
  A hornet (D:7)
  Sigmund (D:5)
  A yak (D:9)
  The ghost of Saella the Skirmisher, an amateur FoFi of Trog (D:3)
  Menkaure (D:7)
  An orc warrior (D:6)
  A sky beast (D:7)
  3 slaves (D:7)
  2 phantoms
  4 centaurs
  An ogre (D:6)
  4 bullfrogs
  3 scorpions
  3 killer bees (D:9)
  3 wights (D:6)
  A howler monkey (D:5)
  2 crimson imps
  4 hounds
  A gnoll shaman (D:8)
  3 orc priests
  3 bullfrog skeletons
  5 orc wizards
  An iguana (D:4)
  9 worker ants
  2 hound skeletons
  A howler monkey skeleton (D:4)
  13 gnolls
  6 adders
  3 shadow imps
  4 oozes
  An adder zombie (D:5)
  A worm (D:2)
  2 dart slugs
  3 leopard geckos
  30 orcs
  4 bats
  A giant cockroach (D:4)
  5 hobgoblins
  14 jackals
  2 quokkas
  2 frilled lizards
  11 goblins
  7 kobolds
  2 leopard gecko skeletons
  A leopard gecko zombie (D:5)
  11 rats
187 creatures vanquished.

Vanquished Creatures (others)
  A slave (D:7)
  5 fungi (D:9)
  2 plants (D:9)
8 creatures vanquished.

Grand Total: 195 creatures vanquished

Notes
Turn   | Place    | Note
-------+----------+-------------------------------------------
     0 | D:1      | b5mith the Minotaur Berserker began the quest for the Orb.
     0 | D:1      | Reached XP level 1. HP: 19/19 MP: 0/0
   253 | D:1      | Reached skill level 4 in Fighting
   254 | D:1      | Reached XP level 2. HP: 26/27 MP: 1/1
   938 | D:2      | Reached XP level 3. HP: 33/34 MP: 2/2
   972 | D:2      | Reached ** piety under Trog
  1115 | D:2      | Reached XP level 4. HP: 12/41 MP: 3/3
  1125 | D:2      | Reached skill level 5 in Fighting
  1125 | D:2      | Reached skill level 5 in Long Blades
  1833 | D:3      | Noticed a centaur
  2474 | D:3      | Reached XP level 5. HP: 48/48 MP: 4/4
  2677 | D:3      | Reached *** piety under Trog
  3008 | D:3      | Killed a centaur
  3008 | D:3      | Reached skill level 6 in Fighting
  3008 | D:3      | Reached XP level 6. HP: 48/58 MP: 5/5
  3115 | D:3      | Noticed Saella's ghost (amateur FoFi)
  3133 | D:3      | Killed Saella's ghost
  3374 | D:4      | Reached skill level 7 in Fighting
  3534 | D:4      | Reached XP level 7. HP: 18/66 MP: 6/6
  3839 | D:4      | Reached skill level 1 in Shields
  3874 | D:4      | Reached **** piety under Trog
  4008 | D:4      | Found a staircase to the Ecumenical Temple.
  4061 | D:5      | Entered Level 5 of the Dungeon
  4149 | D:5      | Noticed a two-headed ogre
  4154 | D:5      | Noticed Sigmund
  4172 | D:4      | Killed a two-headed ogre
  4172 | D:4      | Reached skill level 8 in Fighting
  4172 | D:4      | Reached skill level 5 in Shields
  4172 | D:4      | Reached XP level 8. HP: 50/75 MP: 7/7
  4307 | D:5      | Killed Sigmund
  4965 | D:5      | Reached skill level 1 in Polearms
  5012 | D:5      | Got a scorched scale mail
  5222 | D:5      | Reached skill level 9 in Fighting
  5420 | D:6      | Identified the +8 scale mail of the Serpent {*Slow rN+ Str+2} (You found it on level 5 of the Dungeon)
  5462 | D:6      | Reached XP level 9. HP: 66/83 MP: 8/8
  6020 | D:6      | You fall through a shaft for 3 floors!
  6292 | D:8      | Found an ancient bone altar of Kikubaaqudgha.
  6385 | D:8      | Reached skill level 5 in Polearms
  6936 | D:7      | Found a white marble altar of Elyvilon.
  6962 | D:7      | Noticed Pikel
  6969 | D:7      | Noticed Menkaure
  6979 | D:7      | Killed Pikel
  6984 | D:7      | Killed Menkaure
  6984 | D:7      | Reached skill level 10 in Fighting
  7125 | D:7      | Reached ***** piety under Trog
  7437 | D:7      | Paralysed by a hornet for 2 turns
  7632 | D:7      | Found a sacrificial altar of Ru.
  7643 | D:7      | Found a burning altar of Makhleb.
  7643 | D:7      | Found a basalt altar of Yredelemnul.
  7643 | D:7      | Found a deep blue altar of Sif Muna.
  7643 | D:7      | Found a bloodstained altar of Trog.
  7647 | D:7      | Found a glowing golden altar of the Shining One.
  7648 | D:7      | Found a glowing silver altar of Zin.
  7663 | D:7      | Reached XP level 10. HP: 86/93 MP: 9/9
  8016 | D:8      | Slain by a crocodile

Vault maps used:
D:1:      ncdulo_lavacross, minmay_misc_feat_room
D:3:      serial_bayou_pond_d
D:4:      minmay_temple_entry_enclosed_plants, first_ration
D:5:      serial_glass, glass_columns_a, glass_columns_a, glass_columns_b,
          glass_columns_a, glass_columns_a, glass_columns_a, uniq_sigmund
D:6:      serial_glass, glass_columns_a, glass_columns_a, glass_columns_c,
          glass_columns_c, glass_columns_a, glass_columns_a, glass_columns_a,
          glass_columns_b, glass_columns_b, glass_columns_a
D:7:      grunt_temple_overflow_open, basic_altar, uniq_menkaure, uniq_pikel
D:8:      lemuel_doored_altar
D:9:      grunt_lair_entry_orc_guard_hut, grunt_livestock, uniq_grum

Skill      XL: |  1  2  3  4  5  6  7  8  9 10 |
---------------+-------------------------------+-----
Fighting       | 4 5 6 7 8 9 10 | 10.2
Long Blades    | 4 5 6 7 8 |  8.8
Shields        | 5 7 9 |  9.8
Polearms       | 2 6 7 |  7.2
Armour         | |  2.4
Dodging        | |  2.1

Action                   |  1- 3 |  4- 6 |  7- 9 | 10-12 || total
-------------------------+-------+-------+-------+-------++-------
Melee: Falchion          |    60 |   124 |    52 |       ||   236
       Headbutt          |    12 |    31 |    49 |     3 ||    95
       Scythe            |       |       |   189 |    15 ||   204
Invok: Berserk           |     2 |       |     2 |     1 ||     5
  Use: Scroll            |       |       |     3 |       ||     3
  Eat: Chunk             |     1 |     9 |    14 |     2 ||    26
Armor: Animal skin       |     4 |       |       |       ||     4
       Scale mail        |     5 |    69 |   116 |    17 ||   207
Dodge: Dodged            |    24 |    80 |   130 |    30 ||   264
Block: Buckler           |       |       |     8 |       ||     8
       Rpst.: Falchion   |     5 |    17 |     6 |       ||    28

Table legend:
 A = Spawn XP
 B = Non-spawn XP
 C = Spawn XP percentage of total XP
 D = Spawn monster count
 E = Non-spawn monster count
 F = Spawn count percentage of total count
 G = Total turns spent on level
                    A         B        C        D         E        F      G
               +---------+---------+-------+---------+---------+-------+---------
         Total |       0 |    6044 |   0.0 |       0 |     184 |   0.0 |  8016
               +---------+---------+-------+---------+---------+-------+---------
           D:1 |       0 |      24 |   0.0 |       0 |      14 |   0.0 |   667
           D:2 |       0 |     141 |   0.0 |       0 |      34 |   0.0 |  1782
           D:3 |       0 |     447 |   0.0 |       0 |      29 |   0.0 |   897
           D:4 |       0 |    1442 |   0.0 |       0 |      21 |   0.0 |   836
           D:5 |       0 |     491 |   0.0 |       0 |      17 |   0.0 |  1213
           D:6 |       0 |     876 |   0.0 |       0 |      22 |   0.0 |   702
           D:7 |       0 |    1412 |   0.0 |       0 |      23 |   0.0 |  1032
           D:8 |       0 |     779 |   0.0 |       0 |      19 |   0.0 |   721
           D:9 |       0 |     432 |   0.0 |       0 |       5 |   0.0 |   166
               +---------+---------+-------+---------+---------+-------+---------
